Unix NetHack Version 5.0.0-0 post-release - last build Jun 10 2026 00:39:30 (3ee93aec679c4c4259841fe613dc97188e26a321,branch:main).

Game began 2026-06-29 14:19:05, ended 2026-06-29 17:31:49.

Ch3Begorrah, chaotic male human Rogue

                                                  $        -----
                                                           ....|       ------
                                     $                     |.o.|#######......|
                                                         ##-.o@.)#     |..<..|
                !            $  !                     0  # -----####   |.{...|
   %                                             0            ###      ------
               $                           $
                                                                            *

           *             $        $           $       $
                                                    *
                                                                11)[)  $
                                                          $     )11 !
                                                                  )    $
                                                                )) [)
  $$                        $                        $          ))) (      $
  $$                      e
        $                                          $

Ch3Begorrah the Rogue   St:12 Dx:15 Co:16 In:12 Wi:12 Ch:8  Chaotic
Dlvl:11 $:162 HP:0(60) Pw:30(30) AC:4  Xp:7 T:4721  Fainted  Burdened Deaf

Latest messages:
 You fall down the stairs.
 What do you want to eat? [H or ?*] ?
 Never mind.
 It explodes!
 You are caught in a blast of kaleidoscopic light!
 You are freaked out.
 What do you want to use or apply? [efruGLX or ?*] L
 You have a little trouble removing J - an uncursed potion of sickness.
 What do you want to drink? [J or ?*] J
 Yecch!  This stuff tastes like poison.
 Your muscles won't obey you.
 You are shocked back to your senses!
 You don't have anything to drink.
 What do you want to use or apply? [efruGLX or ?*] L
 You have a little trouble removing R - a potion of object detection.
 What do you want to drink? [R or ?*] R
 You detect the presence of objects.
 (For instructions type a '?')
 Done.
 You faint from lack of food.
 You regain consciousness.
 You can hear again.
 You faint from lack of food.
 You regain consciousness.
 You can hear again.
 You faint from lack of food.
 You regain consciousness.
 The hill orc throws an orcish dagger!
 You are hit by an orcish dagger.
 What do you want to zap? [ru or ?*] ?
 Nothing happens.
 What do you want to zap? [ru or ?*] r
 In what direction? h
 You kill the hill orc!
 The bolt of cold hits it!
 You see here an iron skull cap.
 You faint from lack of food.
 The hill orc hits!
 The hill orc hits!
 The hill orc hits!
 The hill orc hits!
 The hill orc hits!
 The hill orc hits!
 The hill orc hits!
 The hill orc hits!
 It is hit.
 The hill orc hits!
 The hill orc hits!
 You die...
 Do you want your possessions identified? [ynq] (y) q

Inventory:
 Coins    ('$')
  $ - 162 gold pieces
 Amulets  ('"')
  m - a cursed amulet of strangulation named cursed
 Weapons  (')')
  i - 10 +0 arrows
  y - 9 +0 darts
  I - 10 +0 shuriken
  g - 7 +0 daggers
  M - a cursed -2 dagger (weapon in right hand)
 Armor    ('[')
  h - an uncursed +0 pair of gauntlets of dexterity (being worn)
  O - an uncursed +2 pair of high boots
  N - an uncursed +0 pair of iron shoes (being worn)
  c - a blessed +1 leather armor (being worn)
 Comestibles  ('%')
  H - 2 uncursed tripe rations
 Rings    ('=')
  A - an uncursed ring of warning (on left hand)
 Wands    ('/')
  r - a wand of cold (0:0)
  u - a wand of sleep (0:0)
 Tools    ('(')
  L - an uncursed oilskin sack containing 18 items
  f - an uncursed sack containing 1 item
  X - an uncursed leash
  e - an uncursed lock pick named D_
  G - an uncursed oil lamp (lit)
 Gems/Stones  ('*')
  B - an uncursed aquamarine stone
  t - 2 uncursed worthless pieces of black glass
  p - a cursed worthless piece of black glass
  F - an uncursed worthless piece of green glass
  a - 4 uncursed worthless pieces of violet glass
  s - 2 uncursed worthless pieces of yellow glass

Contents of the sack:
  99 gold pieces

Contents of the oilskin sack:
  373 gold pieces
  3 cursed eggs
  an uncursed egg
  2 uncursed scrolls of blank paper
  3 blessed scrolls of blank paper
  a cursed scroll of blank paper
  a blessed scroll of taming
  2 cursed scrolls of identify named cursed
  2 uncursed scrolls of light
  an uncursed spellbook of confuse monster
  an uncursed spellbook of healing
  a potion of holy water named Blessed
  an uncursed potion of water
  a cursed ring of hunger
  an uncursed bell
  an uncursed blindfold
  an uncursed blindfold
  an uncursed figurine of a baluchitherium

Ch3Begorrah the Rogue's attributes:

Background:
 You were a Rogue, level 7 male human.
 You were chaotic, nominally on a mission for Kos
 who was opposed by Issek (lawful) and Mog (neutral).
 You were right-handed.
 You were in the Dungeons of Doom, on level 11.
 You entered the dungeon 4721 turns ago.
 There was a full moon in effect when your adventure ended.
 You had 1242 experience points, 38 more were needed to attain level 8.

Basics:
 You had 0 out of 60 hit points.
 You had all 30 energy points (spell power).
 Your armor class was 4.
 Your wallet contained 162 zorkmids, and
 you had 472 more stashed away in your pack.
 Autopickup was on for '$!/(' plus thrown, with exceptions.

Final Characteristics:
 Your strength was 12 (base:13, limit:18/100).
 Your dexterity was 15 (peak:18, limit:18).
 Your constitution was 16 (limit:18).
 Your intelligence was 12 (limit:18).
 Your wisdom was 12 (limit:18).
 Your charisma was 8 (limit:18).

Final Status:
 You were deaf.
 You were fainted due to starvation.
 You were burdened; movement was slightly slowed.
 You were wielding a dagger.
 You had basic skill with dagger.

Final Attributes:
 You were piously aligned.
 You were warned.
 You were stealthy.
 You were warded.
 You were lucky.
 You are dead.

Miscellaneous:
 You didn't encounter any bones levels.
 Total elapsed playing time was 1 hour, 15 minutes and 57 seconds.

Major events:
 Turn
    1: Ch3Begorrah the chaotic male human Rogue entered the dungeon
  421: attained the rank of Cutpurse (level 3)
  450: entered the Gnomish Mines
 2470: attained the rank of Rogue (level 6)
 4721: killed by a hill orc, while fainted from lack of food

You didn't know any spells.

Skills:
 Fighting Skills
   bare handed combat [Unskilled]
   two weapon combat  [Unskilled]
   riding             [Unskilled]
 Weapon Skills
   dagger             [Basic]
   knife              [Unskilled]
   short sword        [Basic]
   broadsword         [Unskilled]
   long sword         [Unskilled]
   two-handed sword   [Unskilled]
   saber              [Unskilled]
   club               [Unskilled]
   mace               [Unskilled]
   morning star       [Unskilled]
   flail              [Unskilled]
   hammer             [Unskilled]
   polearms           [Unskilled]
   spear              [Unskilled]
   crossbow           [Unskilled]
   dart               [Unskilled]
   shuriken           [Unskilled]
 Spellcasting Skills
   divination spells  [Unskilled]
   escape spells      [Unskilled]
   matter spells      [Unskilled]

Voluntary challenges:
 Character rerolling was not enabled.
 You followed a strict vegan diet.
 You were an atheist.
 You never genocided any monsters.
 You never polymorphed an object.
 You never changed form.
 You used no wishes.
Achievements:
 You attained the rank of Cutpurse.
 You entered the Gnomish Mines.
 You entered a shop.
 You attained the rank of Rogue.

 The Dungeons of Doom: levels 1 to 11
    Level 1:
       A fountain.
    Level 2:
       A general store, a fountain, a grave.
       Stairs down to The Gnomish Mines.
    Level 3:
       Many fountains.
    Level 4:
    Level 5:
    Level 6:
       A fountain.
    Level 7:
       Many fountains.
       Oracle of Delphi.
    Level 8:
    Level 9:
       A fountain.
    Level 10:
       A fountain, many trees.
    Level 11: <- You were here.
       A fountain.
       Final resting place for
          you, killed by a hill orc, while fainted from lack of food.
 The Gnomish Mines:
    Level 3:


Vanquished creatures:
  a small mimic
  a dwarf ruler
 an ochre jelly
  a stone giant
  a wolf
  a giant spider
  a black light
 an owlbear
  a yeti
  a gold golem
  a rope golem
  a fire ant
  4 Mordor orcs
  3 Uruk-hai
  2 rock piercers
  a rock mole
  2 fog clouds
  3 yellow lights
  a violet fungus
  a kobold mummy
  2 golden naga hatchlings
  a guardian naga hatchling
  a ghoul
  2 straw golems
  2 paper golems
  a giant ant
  5 floating eyes
  a kitten
  a dwarf
  a kobold shaman
  7 hill orcs
  a rothe
  4 orc zombies
  5 dwarf zombies
  3 iguanas
 an acid blob
  5 coyotes
  2 gas spores
  a hobbit
  7 manes
  3 large kobolds
  a hobgoblin
  3 giant rats
  2 cave spiders
  a yellow mold
  a green mold
  a gnome
  9 garter snakes
  4 gnome zombies
  5 geckos
  3 jackals
  3 foxes
  a kobold
  a goblin
  4 sewer rats
  a grid bug
  4 lichens
 12 kobold zombies
  3 newts
144 creatures vanquished.

No species were genocided or became extinct.

Game over:
                       ----------
                      /          \
                     /    REST    \
                    /      IN      \
                   /     PEACE      \
                  /                  \
                  |   Ch3Begorrah    |
                  |      634 Au      |
                  | killed by a hill |
                  |       orc        |
                  |                  |
                  |                  |
                  |       2026       |
                 *|     *  *  *      | *
        _________)/\\_//(\/(/\)/\//\/|_)_______

Goodbye Ch3Begorrah the Rogue...

You died in The Dungeons of Doom on dungeon level 11 with 6139 points,
and 634 pieces of gold, after 4721 moves.
You were level 7 with a maximum of 60 hit points when you died.

